[ AOE2 MATCH · #505129245 ]
UnrankedVietnamese vs Chinese
Rival team · LOSS
[ REPLAY ANALYSIS · EXTRACTED FROM THE RECORDED GAME ]
Feudal
10:36
Castle
23:42
Imperial
40:20
| APM avg | 49.6 |
| APM peak | 79 |
| eAPM avg | 22.9 |
| Villagers / military | 100 / 89 |
Focus
⚔️ 31.9% · 🌾 68.1%
Skirmisher ×44 · Archer ×17 · Cavalry Archer ×8 · Mangonel ×7 · Rattan Archer ×4 · Militia ×3
Feudal
9:25
Castle
23:47
Imperial
—
| APM avg | 60.3 |
| APM peak | 93 |
| eAPM avg | 28.0 |
| Villagers / military | 144 / 133 |
Focus
⚔️ 41.8% · 🌾 58.2%
Archer ×44 · Skirmisher ×34 · Knight ×30 · Iron Pagoda ×11 · Scout Cavalry ×8 · Scorpion ×3
Match map
Initial resources + every placement click. Lines = walls · curves = elevation contours. ◆ gold · ⬟ stone · ● berries · ✦ relic · ◌ wall gap
Your base· Open — unwalled flank
Ndurrance's base· Open — unwalled flank
Smoothed initial terrain · ◌ = detected wall gap · hover for details
Inputs per minute
— PlvsVltra l Belisario - - Ndurrance
Build order — PlvsVltra l Belisario
First 150 of 335 actions detected
| 0:00 | Queue | Villager (Male) |
| 0:01 | Queue | Villager (Male) |
| 0:02 | Build | House |
| 0:02 | Queue | Villager (Male) |
| 0:03 | Build | House |
| 0:09 | Queue | Villager (Male) |
| 1:32 | Queue | Villager (Male) |
| 1:58 | Queue | Villager (Male) |
| 1:58 | Queue | Villager (Male) |
| 2:26 | Queue | Villager (Male) |
| 2:27 | Build | Lumber Camp |
| 2:28 | Queue | Villager (Male) |
| 2:51 | Queue | Villager (Male) |
| 2:51 | Queue | Villager (Male) |
| 3:40 | Queue | Villager (Male) |
| 3:41 | Queue | Villager (Male) |
| 4:18 | Queue | Villager (Male) |
| 4:20 | Queue | Villager (Male) |
| 5:04 | Build | House |
| 5:15 | Queue | Villager (Male) |
| 5:24 | Queue | Villager (Male) |
| 5:43 | Build | Barracks |
| 5:54 | Queue | Villager (Male) |
| 6:05 | Queue | Villager (Male) |
| 6:35 | Build | House |
| 6:36 | Queue | Militia |
| 6:36 | Queue | Militia |
| 6:48 | Queue | Villager (Male) |
| 7:02 | Queue | Militia |
| 7:07 | Research | Loom |
| 7:11 | Queue | Villager (Male) |
| 7:16 | Build | Mill |
| 7:23 | Queue | Villager (Male) |
| 7:41 | Research | Loom |
| 8:02 | Build | House |
| 8:26 | Research | Feudal Age |
| 8:49 | Build | Mining Camp |
| 9:10 | Queue | Villager (Male) |
| 10:36 | Age | Feudal Age |
| 10:38 | Queue | Villager (Male) |
| 10:47 | Research | Man-at-Arms (upgrade) |
| 10:48 | Queue | Villager (Male) |
| 10:50 | Research | Double-Bit Axe |
| 10:51 | Research | Horse Collar |
| 10:56 | Build | Archery Range |
| 11:49 | Build | Farm |
| 11:50 | Build | Farm |
| 11:50 | Build | Farm |
| 11:50 | Build | Farm |
| 11:59 | Queue | Villager (Male) |
| 12:04 | Build | Farm |
| 12:06 | Queue | Villager (Male) |
| 12:10 | Queue | Skirmisher |
| 12:13 | Build | House |
| 12:31 | Queue | Villager (Male) |
| 12:33 | Build | Farm |
| 12:52 | Queue | Archer |
| 12:53 | Queue | Archer |
| 12:57 | Build | House |
| 12:58 | Queue | Villager (Male) |
| 13:18 | Queue | Villager (Male) |
| 13:31 | Build | Blacksmith |
| 13:31 | Build | House |
| 13:35 | Queue | Archer |
| 13:44 | Build | Farm |
| 13:45 | Queue | Villager (Male) |
| 14:14 | Queue | Skirmisher |
| 14:15 | Queue | Villager (Male) |
| 14:17 | Build | Farm |
| 14:50 | Queue | Archer |
| 14:55 | Build | Archery Range |
| 14:58 | Queue | Villager (Male) |
| 15:03 | Build | Palisade Wall |
| 15:07 | Build | Palisade Wall |
| 15:09 | Queue | Villager (Male) |
| 15:13 | Build | Palisade Wall |
| 15:26 | Queue | Archer |
| 15:27 | Queue | Archer |
| 15:32 | Build | House |
| 15:33 | Build | House |
| 15:34 | Build | Palisade Wall |
| 15:40 | Queue | Villager (Male) |
| 15:44 | Research | Padded Archer Armor |
| 15:52 | Build | Farm |
| 15:53 | Queue | Skirmisher |
| 15:54 | Queue | Skirmisher |
| 16:02 | Research | Fletching |
| 16:03 | Queue | Villager (Male) |
| 16:06 | Build | Palisade Wall |
| 16:09 | Build | Palisade Wall |
| 16:19 | Queue | Archer |
| 16:21 | Queue | Villager (Male) |
| 16:23 | Build | House |
| 16:29 | Queue | Villager (Male) |
| 16:31 | Build | Farm |
| 16:33 | Build | Farm |
| 16:43 | Build | Farm |
| 16:46 | Queue | Archer |
| 16:46 | Queue | Archer |
| 16:55 | Queue | Villager (Male) |
| 17:18 | Queue | Archer |
| 17:19 | Queue | Archer |
| 17:33 | Queue | Archer |
| 17:33 | Queue | Archer |
| 18:01 | Queue | Villager (Male) |
| 18:03 | Build | Farm |
| 18:04 | Build | Farm |
| 18:05 | Build | Farm |
| 18:06 | Queue | Villager (Male) |
| 18:14 | Build | Market |
| 18:20 | Queue | Archer |
| 18:44 | Queue | Villager (Male) |
| 19:13 | Queue | Skirmisher |
| 19:13 | Queue | Skirmisher |
| 19:14 | Queue | Villager (Male) |
| 19:16 | Build | Farm |
| 19:17 | Build | Farm |
| 19:18 | Build | Farm |
| 19:43 | Queue | Archer |
| 20:13 | Build | Farm |
| 20:14 | Build | Farm |
| 20:15 | Research | Wheelbarrow |
| 20:16 | Queue | Villager (Male) |
| 20:25 | Queue | Villager (Male) |
| 21:02 | Research | Castle Age |
| 21:12 | Queue | Skirmisher |
| 21:12 | Queue | Skirmisher |
| 21:26 | Queue | Skirmisher |
| 21:27 | Queue | Skirmisher |
| 21:43 | Queue | Skirmisher |
| 21:49 | Queue | Villager (Male) |
| 21:59 | Queue | Skirmisher |
| 21:59 | Queue | Skirmisher |
| 22:13 | Queue | Skirmisher |
| 22:13 | Queue | Skirmisher |
| 22:27 | Build | House |
| 22:28 | Build | House |
| 22:28 | Build | House |
| 22:48 | Queue | Archer |
| 22:48 | Queue | Archer |
| 22:56 | Research | Gold Mining |
| 23:30 | Queue | Skirmisher |
| 23:30 | Queue | Skirmisher |
| 23:42 | Age | Castle Age |
| 23:46 | Research | Crossbowman (upgrade) |
| 23:46 | Research | Elite Skirmisher (upgrade) |
| 23:54 | Build | University |
| 23:59 | Build | Town Center |
| 24:00 | Queue | Villager (Male) |
| 24:05 | Build | House |
Build order — Ndurrance
First 150 of 457 actions detected
| 0:01 | Research | Loom |
| 0:45 | Queue | Villager (Male) |
| 0:45 | Queue | Villager (Male) |
| 1:12 | Queue | Villager (Male) |
| 1:13 | Queue | Villager (Male) |
| 1:38 | Queue | Villager (Male) |
| 1:38 | Queue | Villager (Male) |
| 2:04 | Queue | Villager (Male) |
| 2:04 | Queue | Villager (Male) |
| 2:22 | Queue | Villager (Male) |
| 2:22 | Queue | Villager (Male) |
| 2:51 | Queue | Villager (Male) |
| 2:53 | Queue | Villager (Male) |
| 2:59 | Build | Lumber Camp |
| 3:48 | Queue | Villager (Male) |
| 3:48 | Queue | Villager (Male) |
| 4:10 | Queue | Villager (Male) |
| 4:10 | Queue | Villager (Male) |
| 4:22 | Queue | Villager (Male) |
| 4:54 | Build | House |
| 5:03 | Queue | Villager (Male) |
| 5:17 | Build | Mill |
| 5:21 | Queue | Villager (Male) |
| 6:18 | Queue | Villager (Male) |
| 6:37 | Queue | Villager (Male) |
| 7:15 | Research | Feudal Age |
| 7:15 | Research | Feudal Age |
| 7:33 | Build | Mining Camp |
| 7:37 | Build | House |
| 7:51 | Build | Palisade Wall |
| 8:25 | Queue | Villager (Male) |
| 9:00 | Build | Barracks |
| 9:12 | Build | House |
| 9:17 | Queue | Villager (Male) |
| 9:25 | Age | Feudal Age |
| 9:35 | Build | Palisade Wall |
| 9:37 | Build | Palisade Wall |
| 9:42 | Build | House |
| 9:55 | Build | Palisade Wall |
| 9:56 | Build | Palisade Wall |
| 10:15 | Queue | Villager (Male) |
| 10:29 | Queue | Villager (Male) |
| 10:33 | Build | Archery Range |
| 10:45 | Queue | Villager (Male) |
| 10:56 | Build | Palisade Wall |
| 11:03 | Queue | Spearman |
| 11:06 | Queue | Villager (Male) |
| 11:13 | Build | Farm |
| 11:14 | Queue | Archer |
| 11:15 | Queue | Archer |
| 11:15 | Queue | Archer |
| 11:23 | Build | Palisade Wall |
| 11:24 | Build | Palisade Wall |
| 11:37 | Build | Palisade Wall |
| 11:47 | Queue | Villager (Male) |
| 11:47 | Queue | Archer |
| 12:01 | Build | House |
| 12:12 | Build | Farm |
| 12:14 | Build | Farm |
| 12:21 | Build | House |
| 12:24 | Build | Farm |
| 12:28 | Research | Town Watch |
| 12:28 | Research | Town Watch |
| 12:39 | Queue | Villager (Male) |
| 12:44 | Build | House |
| 12:58 | Queue | Villager (Male) |
| 13:09 | Queue | Archer |
| 13:09 | Queue | Archer |
| 13:24 | Queue | Villager (Male) |
| 13:24 | Queue | Archer |
| 13:28 | Build | House |
| 13:47 | Build | Blacksmith |
| 13:55 | Research | Double-Bit Axe |
| 13:55 | Research | Double-Bit Axe |
| 14:16 | Queue | Villager (Male) |
| 14:18 | Build | Farm |
| 14:20 | Queue | Villager (Male) |
| 14:29 | Build | Farm |
| 14:32 | Research | Fletching |
| 14:32 | Research | Fletching |
| 14:42 | Queue | Villager (Male) |
| 14:45 | Build | Farm |
| 15:11 | Build | Farm |
| 15:30 | Build | Palisade Wall |
| 15:32 | Build | Palisade Wall |
| 15:37 | Queue | Skirmisher |
| 15:37 | Queue | Skirmisher |
| 15:40 | Queue | Villager (Male) |
| 15:41 | Queue | Villager (Male) |
| 15:57 | Queue | Skirmisher |
| 16:03 | Queue | Archer |
| 16:37 | Queue | Villager (Male) |
| 16:44 | Build | Archery Range |
| 16:52 | Build | Palisade Gate |
| 16:57 | Queue | Villager (Male) |
| 16:58 | Queue | Archer |
| 17:07 | Build | Farm |
| 17:29 | Queue | Villager (Male) |
| 17:30 | Queue | Villager (Male) |
| 17:32 | Queue | Skirmisher |
| 17:49 | Queue | Skirmisher |
| 17:49 | Queue | Skirmisher |
| 17:58 | Build | House |
| 17:59 | Queue | Skirmisher |
| 18:04 | Queue | Villager (Male) |
| 18:04 | Queue | Villager (Male) |
| 18:10 | Build | Palisade Wall |
| 18:14 | Build | Watch Tower |
| 18:20 | Build | Palisade Wall |
| 18:22 | Build | House |
| 18:24 | Build | House |
| 18:33 | Queue | Villager (Male) |
| 18:34 | Queue | Skirmisher |
| 18:34 | Queue | Skirmisher |
| 18:46 | Build | Farm |
| 18:52 | Queue | Skirmisher |
| 19:05 | Build | Farm |
| 19:08 | Queue | Skirmisher |
| 19:19 | Queue | Villager (Male) |
| 19:24 | Build | House |
| 19:30 | Queue | Skirmisher |
| 19:31 | Queue | Skirmisher |
| 19:46 | Queue | Villager (Male) |
| 19:56 | Queue | Villager (Male) |
| 20:09 | Build | House |
| 20:20 | Build | Market |
| 20:22 | Queue | Skirmisher |
| 20:22 | Queue | Skirmisher |
| 20:25 | Queue | Skirmisher |
| 20:25 | Queue | Skirmisher |
| 20:46 | Queue | Archer |
| 20:46 | Queue | Archer |
| 20:53 | Queue | Villager (Male) |
| 20:55 | Build | Farm |
| 21:07 | Research | Castle Age |
| 21:07 | Research | Castle Age |
| 21:18 | Queue | Skirmisher |
| 21:18 | Queue | Skirmisher |
| 21:34 | Queue | Archer |
| 21:34 | Queue | Archer |
| 21:35 | Queue | Archer |
| 21:43 | Research | Padded Archer Armor |
| 21:43 | Research | Padded Archer Armor |
| 22:03 | Queue | Archer |
| 22:03 | Queue | Archer |
| 22:18 | Build | Farm |
| 22:19 | Build | Farm |
| 22:35 | Queue | Archer |
| 22:35 | Queue | Archer |
| 22:36 | Queue | Archer |
Match timeline
| 5:43 | PlvsVltra l Belisario · first_building Barracks |
| 7:51 | Ndurrance · wall_segment Palisade Wall x7 |
| 9:00 | Ndurrance · first_building Barracks |
| 9:25 | Ndurrance · age_up feudal |
| 9:35 | Ndurrance · wall_segment Palisade Wall x2 |
| 9:37 | Ndurrance · wall_segment Palisade Wall x1 |
| 9:55 | Ndurrance · wall_segment Palisade Wall x1 |
| 9:56 | Ndurrance · wall_segment Palisade Wall x1 |
| 10:33 | Ndurrance · first_building Archery Range |
| 10:36 | PlvsVltra l Belisario · age_up feudal |
| 10:56 | Ndurrance · wall_segment Palisade Wall x1 |
| 10:56 | PlvsVltra l Belisario · first_building Archery Range |
| 11:23 | Ndurrance · wall_segment Palisade Wall x1 |
| 11:24 | Ndurrance · wall_segment Palisade Wall x1 |
| 11:37 | Ndurrance · wall_segment Palisade Wall x1 |
| 15:03 | PlvsVltra l Belisario · wall_segment Palisade Wall x1 |
| 15:07 | PlvsVltra l Belisario · wall_segment Palisade Wall x1 |
| 15:13 | PlvsVltra l Belisario · wall_segment Palisade Wall x6 |
| 15:30 | Ndurrance · wall_segment Palisade Wall x1 |
| 15:32 | Ndurrance · wall_segment Palisade Wall x6 |
| 15:34 | PlvsVltra l Belisario · wall_segment Palisade Wall x1 |
| 16:06 | PlvsVltra l Belisario · wall_segment Palisade Wall x2 |
| 16:09 | PlvsVltra l Belisario · wall_segment Palisade Wall x3 |
| 18:10 | Ndurrance · wall_segment Palisade Wall x1 |
| 18:20 | Ndurrance · wall_segment Palisade Wall x1 |
| 20:54 | PlvsVltra l Belisario · first_market_sell 100 wood |
| 20:57 | Ndurrance · first_market_buy 100 food |
| 20:57 | PlvsVltra l Belisario · first_market_buy 100 food |
| 23:42 | PlvsVltra l Belisario · age_up castle |
| 23:47 | Ndurrance · age_up castle |
| 24:06 | PlvsVltra l Belisario · wall_segment Palisade Wall x1 |
| 25:10 | Ndurrance · first_building Siege Workshop |
| 26:39 | PlvsVltra l Belisario · first_building Siege Workshop |
| 29:17 | Ndurrance · first_market_sell 100 wood |
| 29:25 | PlvsVltra l Belisario · first_building Monastery |
| 33:00 | Ndurrance · first_building Stable |
| 37:09 | PlvsVltra l Belisario · first_building Castle |
| 37:40 | PlvsVltra l Belisario · wall_segment Palisade Wall x1 |
| 38:45 | PlvsVltra l Belisario · first_building Stable |
| 40:20 | PlvsVltra l Belisario · age_up imperial |
| 40:27 | Ndurrance · resign |
[ AI ANALYSIS · 1 CREDIT ]
What really happened in this match?
Wolo.gg analyzes every decision: build order, eco, micro, common mistakes by bracket. Personalized analysis on WhatsApp or Discord in 30 seconds.
Civ guide
Vietnamese
Perfil
Jugador #1142235